 Dungeon Crawl Stone Soup version 0.17.1-1-g73c8601 (webtiles) character file.

273 Implojin the Cleaver (level 6, 0/76 HPs)
             Began as a Minotaur Berserker on Apr 9, 2016.
             Was a Believer of Trog.
             Slain by a gnoll
             ... wielding a +0 club
              (4 damage)
             ... on level 5 of the Dungeon.
             The game lasted 00:05:12 (784 turns).

Implojin the Cleaver (Minotaur Berserker)            Turns: 784, Time: 00:05:12

Health: 0/76       AC:  7    Str: 27    XL:     6   Next: 3%
Magic:  5/5        EV: 11    Int:  4    God:    Trog [**....]
Gold:   36         SH:  0    Dex: 11    Spells: 0 memorised, 5 levels left

rFire  . . .     SeeInvis .     a - +0 hand axe
rCold  . . .     Clarity  .     g - +0 scale mail
rNeg   . . .     SustAt   .     (no shield)
rPois  .         Gourm    .     (helmet restricted)
rElec  .         Spirit   .     (no cloak)
rCorr  .         Warding  .     o - +0 pair of gloves
rMut   .         Stasis   .     (no boots)
MR     .....                    (no amulet)
Stlth  ..........               (no ring)
                                (no ring)

@: berserking (expiring), very quick, not resistant to hostile enchantments,
extremely unstealthy
A: retaliatory headbutt, horns 2
a: Berserk, Trog's Hand, Burn Spellbooks, Renounce Religion


You were on level 5 of the Dungeon.
You worshipped Trog.
Trog was pleased with you.
You were not hungry.

You visited 1 branch of the dungeon, and saw 5 of its levels.

You collected 36 gold pieces.

Inventory:

Hand Weapons
 a - a +0 hand axe (weapon)
 n - a +1 whip of pain
Missiles
 q - a throwing net (quivered)
Armour
 g - a +0 scale mail (worn)
 o - a +0 pair of gloves (worn)
Scrolls
 e - 4 scrolls of remove curse
 j - 4 scrolls of identify {unknown}
 k - 2 scrolls of enchant weapon {unknown}
 p - a scroll of enchant armour {unknown}
Potions
 b - a potion of invisibility {unknown}
 i - a potion of agility {unknown}
 l - a potion of curing {unknown}
Comestibles
 c - 2 bread rations
 f - a meat ration
 m - 3 chunks of flesh


   Skills:
 - Level 3.6 Fighting
 * Level 8.2 Axes
 - Level 2.4 Armour
 - Level 2.1 Dodging


You had 5 spell levels left.
You didn't know any spells.

Dungeon Overview and Level Annotations

Branches:
Dungeon (5/15)             Temple (0/1) D:4

Altars:

Annotations:
D:3 exclusion: upstairs
D:4 Dowan, Duvessa


Innate Abilities, Weirdness & Mutations

You reflexively headbutt those who attack you in melee.
You have a pair of horns on your head.


Message History

* * * LOW HITPOINT WARNING * * *
Okay, then.
You hit the gnoll.
The gnoll is almost dead.
The gnoll barely misses you.
You hit the gnoll but do no damage. You headbutt the gnoll.
You kill the gnoll!
Trog accepts your kill.
You hit the quokka.
You kill the quokka!
Trog accepts your kill.
You have reached level 6!
Your experience leads to an increase in your attributes!
Increase (S)trength, (I)ntelligence, or (D)exterity?
You feel agile.
A red film seems to cover your vision as you go berserk!
You feel yourself moving faster!
You feel mighty!
You feel somewhat more hungry. The gnoll misses you.
You slash the gnoll!
The gnoll is almost dead.
You slash the gnoll!
You kill the gnoll!
Trog accepts your kill.
The gnoll throws a throwing net.
The throwing net hits you.
You become entangled in the net!
You slice into the net. You slice the net and break free!
You feel a strong urge to attack something.
The gnoll throws a throwing net.
The throwing net barely misses you. The gnoll hits you with a club!
* * * LOW HITPOINT WARNING * * *
Found a stone staircase leading down.
Things that are here:
a club; a gnoll corpse; a quokka corpse You slash the gnoll!
The gnoll is severely wounded.
You closely miss the gnoll. Your headbutt misses the gnoll.
The gnoll is severely wounded.
The gnoll hits you with a club.
You die...

..... .... #...
... ##... ##..#
#####
#..###......
##(.>@g.....>
###...###..$...
#####[...##
.....
###........#
####
##.........##
.##.<..)##...#
......####...#
.......)†....#
...#######...#


You could see a gnoll.

Vanquished Creatures
  A scorpion (D:4)
  A centaur zombie (D:5)
  A hound (D:4)
  An iguana (D:4)
  A worker ant (D:4)
  9 gnolls
  An ooze (D:3)
  3 worms
  2 orcs (D:3)
  3 giant cockroaches
  A hobgoblin (D:2)
  A quokka (D:5)
  A bat (D:3)
  A giant newt (D:2)
  2 goblins
  2 jackals (D:4)
  2 kobolds
  2 rats
35 creatures vanquished.

Notes
Turn   | Place    | Note
--------------------------------------------------------------
     0 | D:1      | Implojin the Minotaur Berserker began the quest for the Orb.
     0 | D:1      | Reached XP level 1. HP: 19/19 MP: 0/0
    53 | D:2      | Reached skill level 4 in Axes
    94 | D:2      | Reached XP level 2. HP: 10/26 MP: 1/1
   377 | D:3      | Reached skill level 5 in Axes
   377 | D:3      | Reached XP level 3. HP: 16/31 MP: 2/2
   522 | D:3      | Reached ** piety under Trog
   532 | D:4      | Noticed a scorpion
   581 | D:4      | Reached skill level 6 in Axes
   581 | D:4      | Reached XP level 4. HP: 7/39 MP: 3/3
   614 | D:4      | Found a staircase to the Ecumenical Temple.
   631 | D:4      | Noticed a scorpion
   635 | D:4      | Killed a scorpion
   635 | D:4      | Reached skill level 7 in Axes
   635 | D:4      | Reached XP level 5. HP: 23/45 MP: 4/4
   637 | D:4      | Noticed Duvessa
   637 | D:4      | Noticed Dowan
   700 | D:5      | Entered Level 5 of the Dungeon
   724 | D:5      | Reached skill level 8 in Axes
   775 | D:5      | Reached XP level 6. HP: 7/51 MP: 5/5
   784 | D:5      | Slain by a gnoll

Action                   |  1- 3 |  4- 6 || total
-------------------------+-------+-------++-------
Melee: Hand axe          |    58 |    47 ||   105
Throw: Throwing net      |     1 |       ||     1
Invok: Berserk           |     3 |     2 ||     5
  Use: Scroll            |     2 |     1 ||     3
       Potion            |       |     2 ||     2
  Eat: Chunk             |     1 |     3 ||     4

Table legend:
 A = Turns spent in this place as a percentage of turns spent in the entire game.
 B = Non-inter-level travel turns spent in this place as a percentage of non-inter-level travel turns spent in the entire game.
 C = Inter-level travel turns spent in this place as a percentage of turns spent in this place.
 D = Turns resting spent in this place as a percentage of non-inter-level travel turns spent in this place.
 E = Turns spent auto-exploring this place as a percentage of non-inter-level travel turns spent in this place.
 F = Non-inter-level travel turns spent in this place divided by the number of levels of this place that you've seen.
                   A       B       C       D       E      F
               +-------+-------+-------+-------+-------+----------------------
         Total | 100.0 | 100.0 |   0.0 |   0.3 |   0.0 | 152.6
       Dungeon | 100.0 | 100.0 |   0.0 |   0.3 |   0.0 | 152.6
               +-------+-------+-------+-------+-------+----------------------

Table legend:
 A = Kills in this place as a percentage of kills in entire the game.
 B = Kills by you in this place as a percentage of kills by you in the entire game.
 C = Kills by friends in this place as a percentage of kills by friends in the entire game.
 D = Other kills in this place as a percentage of other kills in the entire game.
 E = Experience gained in this place as a percentage of experience gained in the entire game.
 F = Experience gained in this place divided by the number of levels of this place that you have seen.
                   A       B       C       D       E      F
               +-------+-------+-------+-------+-------+----------------------
         Total | 100.0 | 100.0 |  -nan |  -nan | 100.0 |  78.2
       Dungeon | 100.0 | 100.0 |  -nan |  -nan | 100.0 |  78.2
               +-------+-------+-------+-------+-------+----------------------
